 Dungeon Crawl Stone Soup version 0.21.1-1-g345015fe64 (webtiles) character file.

569 GreedyOne the Slasher (level 7, -9/53 HPs)
             Began as a Formicid Fighter on June 14, 2018.
             Killed by divine providence
             ... invoked by an orc priest
              (13 damage)
             ... on level 4 of the Dungeon.
             The game lasted 00:09:25 (3038 turns).

GreedyOne the Slasher (Formicid Fighter)            Turns: 3038, Time: 00:09:26

Health: -9/53      AC:  8    Str: 23    XL:     7   Next: 60%
Magic:  7/7        EV:  9    Int:  7    God:
Gold:   189        SH:  9    Dex: 10    Spells: 6/6 levels left

rFire    . . .     SeeInvis +   a - +0 long sword
rCold    . . .     Gourm    .   c - +0 shield
rNeg     + . .     Faith    .   q - +3 ring mail {MR+}
rPois    .         Spirit   .   (helmet unavailable)
rElec    .         Reflect  .   (no cloak)
rCorr    .         Harm     .   (no gloves)
MR       +....                  (no boots)
Stlth    +.........             (no amulet)
HPRegen  0.17/turn              j - ring of stealth
MPRegen  0.10/turn              m - ring of positive energy

@: no status effects
A: permanent stasis, dig shafts and tunnels, four strong arms, antennae 3
a: Dig, Shaft Self


You were on level 4 of the Dungeon.
You were not hungry.

You visited 2 branches of the dungeon, and saw 5 of its levels.

You collected 189 gold pieces.

Inventory:

Hand Weapons
 a - a +0 long sword (weapon)
Armour
 b - a +0 scale mail
 c - a +0 shield (worn)
 q - a +3 ring mail of magic resistance (worn)
Jewellery
 j - a ring of stealth (left hand)
 l - an uncursed ring of resist corrosion
 m - a ring of positive energy (right hand)
Scrolls
 h - a scroll of identify
 i - 2 scrolls of teleportation {unknown}
 k - a scroll of fog {unknown}
 p - 2 scrolls of amnesia {unknown}
 v - 2 scrolls of noise {unknown}
Potions
 d - a potion of might
 e - a potion of brilliance
 g - 2 potions of curing
 n - a potion of lignification
 o - a potion of mutation {unknown}
 r - 4 potions of cancellation
 s - a potion of magic {unknown}
 t - a potion of ambrosia {unknown}
 w - a potion of resistance {unknown}
Comestibles
 f - 7 rations


   Skills:
 + Level 3.9 Fighting
 + Level 7.1 Long Blades
 + Level 3.8 Armour
 + Level 4.3 Shields


You had 6 spell levels left.
You didn't know any spells.

Dungeon Overview and Level Annotations

Branches:
Dungeon (4/15)             Temple (1/1) D:4

Altars:
Ashenzari
Gozag
Hepliaklqana
Makhleb
Nemelex Xobeh
Qazlal
Ru
Sif Muna
Uskayaw
Vehumet
Yredelemnul


Innate Abilities, Weirdness & Mutations

You cannot be hasted, slowed, berserked, paralysed or teleported.
You can dig through walls and to a lower floor.
Your four strong arms can wield two-handed weapons with a shield.
You have a pair of large antennae on your head. (SInv)


Message History

You feel sick.
You feel better. The orc barely misses you.
The orc priest looks braver for a moment.
Found an escape hatch in the floor.
The orc priest looks encouraged for a moment.
The orc priest calls upon Beogh to heal the orc.
The orc's wounds heal themselves!
The orc priest looks encouraged for a moment.
The orc priest mumbles some strange prayers to Beogh against you.
Beogh smites you!
* * * LOW HITPOINT WARNING * * *
The orc priest invokes the aid of Beogh against you.
Beogh smites you!
* * * LOW HITPOINT WARNING * * *
The orc falls through a shaft!
The shaft crumbles and collapses.
The orc priest looks encouraged for a moment.
There is a stone staircase leading up here.
The orc priest mumbles some strange prayers to Beogh against you.
Beogh smites you!
You die...

.........####..####...#
####..###{o.o.........#
#...o......#..######.#
......##...##......##.#
##....#8...8#..o...##.#
#....##...##......# .#
#....##...##......#
#....##...##......#
######8...8#...@..#
##...######### #...#


You could see 2 orc priests.

Vanquished Creatures
  The ghost of speak the Ducker, an amateur TrFi (D:3)
  An ogre (D:3)
  A centaur zombie (D:3)
  A hound (D:3)
  An orc wizard (D:4)
  A centaur skeleton (D:2)
  Terence (D:2)
  Natasha (thrice) (D:2)
  A worker ant (D:2)
  A howler monkey skeleton (D:4)
  5 adders
  2 worms
  2 dart slugs (D:2)
  A leopard gecko (D:1)
  5 orcs
  A ball python (D:1)
  5 bats
  3 giant cockroaches
  5 goblins
  10 hobgoblins
  9 jackals
  3 quokkas
  5 frilled lizards
  8 kobolds
  9 rats
85 creatures vanquished.

Notes
Turn   | Place    | Note
-------+----------+-------------------------------------------
     0 | D:1      | GreedyOne the Formicid Fighter began the quest for the Orb.
     0 | D:1      | Reached XP level 1. HP: 18/18 MP: 1/1
   219 | D:1      | Reached XP level 2. HP: 24/24 MP: 2/2
   325 | D:1      | Reached skill level 3 in Long Blades
   688 | D:2      | Reached XP level 3. HP: 14/29 MP: 3/3
   690 | D:2      | Reached XP level 4. HP: 18/35 MP: 4/4
   716 | D:2      | Noticed Terence
   929 | D:2      | Reached skill level 4 in Long Blades
  1317 | D:2      | Killed Terence
  1317 | D:2      | Reached XP level 5. HP: 28/41 MP: 5/5
  1398 | D:2      | Noticed Natasha
  1413 | D:2      | Reached skill level 5 in Long Blades
  1419 | D:2      | Killed Natasha
  1811 | D:2      | Noticed Natasha
  1823 | D:2      | Killed Natasha
  1823 | D:2      | Reached XP level 6. HP: 30/47 MP: 6/6
  1990 | D:2      | Noticed Natasha
  1994 | D:2      | Killed Natasha
  2018 | D:3      | Noticed speak's ghost (amateur TrFi)
  2056 | D:3      | Killed speak's ghost
  2056 | D:3      | Reached skill level 6 in Long Blades
  2239 | D:3      | Reached XP level 7. HP: 49/52 MP: 7/7
  2410 | D:3      | Found a sacrificial altar of Ru.
  2534 | D:3      | Found a burning altar of Makhleb.
  2665 | D:3      | Reached skill level 7 in Long Blades
  2815 | D:4      | Found a staircase to the Ecumenical Temple.
  2825 | Temple   | Entered the Ecumenical Temple
  3030 | D:4      | HP: 2/53 [orc priest/divine providence (10)]
  3038 | D:4      | Killed from afar by an orc priest

Skill      XL: |  1  2  3  4  5  6  7 |
---------------+----------------------+-----
Long Blades    | 3 4 5 6 7 |  7.1
Shields        | 4 |  4.3
Fighting       | |  3.9
Armour         | |  3.8

Action                   |  1- 3 |  4- 6 |  7- 9 || total
-------------------------+-------+-------+-------++-------
Melee: Long sword        |    67 |   165 |    74 ||   306
  Use: Scroll            |       |     5 |       ||     5
       Potion            |       |       |     1 ||     1
 Stab: Sleeping          |       |       |     1 ||     1
  Eat: Chunk             |       |     4 |     3 ||     7
Armor: Scale mail        |    46 |    44 |       ||    90
       Ring mail         |       |    16 |    38 ||    54
Dodge: Dodged            |    30 |    52 |    30 ||   112
Block: Shield            |    41 |    84 |    43 ||   168
       Rpst.: Long sword |    12 |    14 |    12 ||    38
